 Dungeon Crawl Stone Soup version 0.21-a0-271-ge7f0487 (console) character file.

6006 Duffy the Summoner (level 10, -2/65 HPs)
             Began as a Deep Elf Summoner on Sept 15, 2017.
             Was a Follower of Sif Muna.
             Killed from afar by Erica (21 damage)
             ... with an orb of energy
             ... on level 10 of the Dungeon.
             The game lasted 00:20:50 (13337 turns).

Duffy the Summoner (Deep Elf Summoner)             Turns: 13337, Time: 00:20:51

Health: -2/65      AC: 14    Str:  7    XL:     10   Next: 56%
Magic:  22/22      EV: 18    Int: 24    God:    Sif Muna [*.....]
Gold:   581        SH:  6    Dex: 19    Spells: 9/22 levels left

rFire    . . .     SeeInvis +   n - +9 whip {freeze, *Contam rC++ Str+2 SInv}
rCold    + + .     Gourm    .   z - +0 buckler
rNeg     . . .     Faith    .   a - +0 robe
rPois    .         Spirit   .   t - +2 helmet
rElec    .         Reflect  .   T - +2 cloak
rCorr    +         Harm     .   h - +2 pair of gloves
MR       +....                  x - +0 pair of boots
Stlth    ++........             (no amulet)
HPRegen  0.20/turn              k - +4 ring of dexterity
MPRegen  0.18/turn              p - ring of resist corrosion

@: lethally poisoned (-2 -> -5), divine energy
A: iridescent scales 1, blink
a: Blink, Stop Divine Energy, Renounce Religion


You were on level 10 of the Dungeon.
You worshipped Sif Muna.
Sif Muna was aware of your devotion.
You were not hungry.

You visited 2 branches of the dungeon, and saw 11 of its levels.

You collected 581 gold pieces.

Inventory:

Hand Weapons
 n - the +9 whip of Xom's Regard (weapon) {freeze, *Contam rC++ Str+2 SInv}
   (You found it on level 7 of the Dungeon)

   It has been specially enchanted to freeze those struck by it, causing extra
   injury to most foes and up to half again as much damage against particularly
   susceptible opponents.
   It can also slow down cold-blooded creatures.
   It affects your strength (+2).
   It greatly protects you from cold.
   It lets you see invisible.
   It causes magical contamination when unequipped.
 A - the +8 fustibalus of the Ten Moons {velocity, *Corrode rElec Str+7}
   (You found it on level 6 of the Dungeon)

   Any stone fired from it inflicts extra damage.
   It affects your strength (+7).
   It insulates you from electricity.
   It may corrode you when you take damage.
Missiles
 s - 3 throwing nets (quivered)
Armour
 a - a +0 robe (worn)
 h - a +2 pair of gloves (worn)
 t - a +2 helmet (worn)
 x - a +0 pair of boots (worn)
 z - a +0 buckler (worn)
 T - a +2 cloak (worn)
Jewellery
 k - a +4 ring of dexterity (left hand)
 p - a ring of resist corrosion (right hand)
 D - an uncursed ring of stealth
 P - an uncursed amulet of guardian spirit
 Q - an uncursed ring of positive energy
Wands
 f - a wand of enslavement (5/24)
 r - a wand of scattershot (4/9)
 y - a wand of paralysis (16/24)
 E - a wand of lightning (10/15)
 J - a wand of flame (20/48)
 M - a wand of scattershot (2/9)
 O - a wand of disintegration (7/24)
 R - a wand of lightning (9/15)
 U - a wand of paralysis (12/24)
Scrolls
 e - 3 scrolls of identify
 o - 3 scrolls of fear
 u - 4 scrolls of remove curse
 v - a scroll of teleportation
 H - 2 scrolls of fog
 N - 2 scrolls of magic mapping
 S - a scroll of amnesia
 V - a scroll of recharging
Potions
 d - 4 potions of might
 i - a potion of berserk rage
 j - 7 potions of curing
 l - 2 potions of resistance
 m - a potion of heal wounds
 q - a potion of agility
 w - a potion of cancellation
 C - a potion of haste
 K - a potion of ambrosia
Books
 b - a book of Callings

   Spells                             Type                      Level
   a - Summon Small Mammal            Summoning                    1
   b - Call Imp                       Summoning                    2
   c - Call Canine Familiar           Summoning                    3
   d - Summon Guardian Golem          Hexes/Summoning              3
   e - Summon Lightning Spire         Summoning/Air                4
   f - Summon Ice Beast               Ice/Summoning                4
 B - a book of Air

   Spells                             Type                      Level
   a - Shock                          Conjuration/Air              1
   b - Swiftness                      Charms/Air                   2
   c - Static Discharge               Conjuration/Air              3
   d - Airstrike                      Air                          4
   e - Lightning Bolt                 Conjuration/Air              5
 L - a book of Flames

   Spells                             Type                      Level
   a - Flame Tongue                   Conjuration/Fire             1
   b - Throw Flame                    Conjuration/Fire             2
   c - Conjure Flame                  Conjuration/Fire             3
   d - Inner Flame                    Hexes/Fire                   3
   e - Sticky Flame                   Conjuration/Fire             4
   f - Fireball                       Conjuration/Fire             5
Comestibles
 c - 7 bread rations
 g - 7 chunks of flesh
 F - 3 fruits
 G - 7 royal jellies
 I - 3 meat rations


   Skills:
 - Level 8.5 Fighting
 - Level 7.4 Dodging
 - Level 2.4 Stealth
 - Level 4.3 Shields
 + Level 6.9 Spellcasting
 * Level 8.8 Summonings
 - Level 3.2 Ice Magic
 - Level 2.2 Air Magic


You had 9 spell levels left.
You knew the following spells:

 Your Spells              Type           Power        Failure   Level  Hunger
h - Call Imp              Summ           ######..     1%          2    None
j - Call Canine Familiar  Summ           ######..     1%          3    None
k - Summon Ice Beast      Ice/Summ       #####...     6%          4    ###....
l - Summon Lightning Spi  Summ/Air       #####...     7%          4    ###....


Dungeon Overview and Level Annotations

Branches:
Dungeon (10/15)            Temple (1/1) D:5            Lair (0/6) D:10
    Orc: D:9-12

Altars:
Ashenzari
Cheibriados
Dithmenos
Elyvilon
Fedhas
Gozag
Hepliaklqana
Kikubaaqudgha
Makhleb
Nemelex Xobeh
Okawaru
Qazlal
Ru
Sif Muna
Trog
Uskayaw
Vehumet
Wu Jian
Xom
Yredelemnul
Zin
The Shining One

Annotations:
D:2 Dig
D:8 4 runed doors
D:10 Erica


Innate Abilities, Weirdness & Mutations

You are partially covered in iridescent scales. (AC +2)
You can translocate small distances at will.


Message History

You are too injured to fight recklessly!
You are too injured to fight recklessly!
You are too injured to fight recklessly!
You are too injured to fight recklessly!
You are too injured to fight recklessly!
You are too injured to fight recklessly!
You are too injured to fight recklessly!
You are too injured to fight recklessly!
You are too injured to fight recklessly!
You are too injured to fight recklessly!
You are too injured to fight recklessly!
You are too injured to fight recklessly!
You are too injured to fight recklessly!
You are too injured to fight recklessly!
You whack Erica! You freeze Erica.
Erica is severely wounded.
You feel sick.
Erica points at you and mumbles some strange words.
The orb of energy hits you!
You die...

#### #.. #.# #.# #@# #@# #.#
#o# #.# # #o########.###
#####.#oo..........
.....o#o########.# .##
#....##.......######.
....o####'##.................
.....o.o.$......##...........


You could see Erica (invisible), an orc wizard and 4 orcs.

Vanquished Creatures
  The ghost of WhatIsLove the Eclecticist, a journeyman DEFE of Sif Muna (D:10)
  An unseen horror (D:10)
  7 yaks (D:9)
  A hog (D:8)
  A hungry ghost (D:8)
  An orc warrior (D:9)
  A black bear (D:9)
  2 sky beasts
  2 ice beasts
  2 phantoms (D:7)
  4 ogres
  2 bullfrogs
  2 wights (D:7)
  4 killer bees (D:9)
  A jelly (D:9)
  A hound (D:8)
  A gnoll shaman (D:8)
  An orc priest (D:8)
  A centaur skeleton (D:9)
  3 orc wizards
  An iguana (D:7)
  A worker ant (D:7)
  5 gnolls
  2 adders
  An adder zombie (D:9)
  An adder skeleton (D:10)
  11 orcs
  2 jackals (D:9)
  A quokka (D:9)
  A leopard gecko zombie (D:7)
65 creatures vanquished.

Vanquished Creatures (collateral kills)
  A two-headed ogre (D:9)
  A hippogriff (D:9)
  5 yaks
  2 hogs (D:8)
  A human (D:8)
  A hungry ghost (D:8)
  6 ogres
  An ice beast (D:5)
  2 orc warriors
  2 phantoms
  5 centaurs
  A bullfrog (D:6)
  2 wights (D:7)
  A hound (D:5)
  3 orc priests (D:4)
  2 centaur skeletons (D:4)
  A jelly (D:6)
  5 orc wizards
  4 worker ants
  2 gnolls (D:9)
  9 adders
  3 shadow imps
  2 oozes
  An adder zombie (D:6)
  An adder skeleton (D:4)
  4 worms
  A dart slug (D:1)
  5 leopard geckos
  23 orcs
  4 bats
  2 giant cockroaches (D:3)
  5 goblins
  11 hobgoblins
  2 jackals (D:2)
  4 quokkas
  2 frilled lizards
  7 kobolds
  A leopard gecko skeleton (D:5)
  8 rats
143 creatures vanquished.

Vanquished Creatures (others)
  A human (D:2)
  4 plants (D:10)
5 creatures vanquished.

Grand Total: 213 creatures vanquished

Notes
Turn   | Place    | Note
-------+----------+-------------------------------------------
     0 | D:1      | Duffy the Deep Elf Summoner began the quest for the Orb.
     0 | D:1      | Reached XP level 1. HP: 10/10 MP: 6/6
     6 | D:1      | Noticed a ghoul
     6 | D:1      | Noticed a demigod
     8 | D:1      | Noticed an octopode
     8 | D:1      | Noticed a vampire
    10 | D:1      | Noticed a formicid
    10 | D:1      | Noticed a dwarf
    12 | D:1      | Noticed a merfolk
    12 | D:1      | Noticed a minotaur
    14 | D:1      | Noticed a centaur
    14 | D:1      | Noticed a naga
    16 | D:1      | Noticed an elf
    16 | D:1      | Noticed a halfling
    20 | D:1      | Noticed a gargoyle
    22 | D:1      | Noticed a vine stalker
    24 | D:1      | Noticed a troll
    24 | D:1      | Noticed a demonspawn
    26 | D:1      | Noticed a tengu
    26 | D:1      | Noticed an ogre
    28 | D:1      | Noticed a human
    28 | D:1      | Noticed a felid
    30 | D:1      | Noticed a draconian
    30 | D:1      | Noticed a spriggan
   601 | D:1      | Reached XP level 2. HP: 15/15 MP: 6/8
   625 | D:1      | Learned a level 2 spell: Call Imp
  1075 | D:2      | Reached skill level 5 in Summonings
  1251 | D:2      | Found an ancient bone altar of Kikubaaqudgha.
  1251 | D:2      | Noticed a human
  1270 | D:2      | Killed a human
  1393 | D:2      | Reached XP level 3. HP: 19/19 MP: 1/10
  1477 | D:2      | Learned a level 3 spell: Call Canine Familiar
  2728 | D:3      | Found a hazy altar of Hepliaklqana.
  2735 | D:3      | Found an ancient bone altar of Kikubaaqudgha.
  2762 | D:3      | Found a shattered altar of Ashenzari.
  3107 | D:3      | Found an opulent altar of Gozag.
  3334 | D:3      | Reached XP level 4. HP: 24/24 MP: 4/12
  3346 | D:3      | Learned a level 4 spell: Summon Ice Beast
  4109 | D:4      | Noticed a phantom
  4244 | D:4      | Killed a phantom
  4244 | D:4      | Reached skill level 1 in Ice Magic
  4244 | D:4      | Reached XP level 5. HP: 21/28 MP: 3/13
  4834 | D:4      | Reached skill level 5 in Spellcasting
  4862 | D:4      | Noticed an ogre
  4874 | D:4      | Killed an ogre
  4874 | D:4      | Reached XP level 6. HP: 21/32 MP: 2/15
  4990 | D:4      | Learned a level 4 spell: Summon Lightning Spire
  5321 | D:4      | You fall through a shaft for 2 floors!
  5383 | D:5      | Entered Level 5 of the Dungeon
  5582 | D:5      | Reached skill level 1 in Air Magic
  6075 | D:5      | Noticed an ice beast
  6091 | D:5      | Killed an ice beast
  6497 | D:5      | Found a staircase to the Ecumenical Temple.
  6503 | Temple   | Entered the Ecumenical Temple
  6599 | Temple   | Became a worshipper of Sif Muna the Loreminder
  6812 | D:5      | Reached XP level 7. HP: 36/36 MP: 13/17
  7517 | D:6      | Got a fine fustibalus
  7518 | D:6      | Identified the +8 fustibalus of the Ten Moons {velocity, *Corrode rElec Str+7} (You found it on level 6 of the Dungeon)
  8090 | D:7      | Got a slimy whip
  8091 | D:7      | Identified the +9 whip of Xom's Regard {freeze, *Contam rC++ Str+2 SInv} (You found it on level 7 of the Dungeon)
  8159 | D:7      | Reached skill level 1 in Fighting
  8159 | D:7      | Reached skill level 1 in Shields
  8461 | D:7      | Found a bloodstained altar of Trog.
  8479 | D:7      | Reached XP level 8. HP: 44/44 MP: 7/18
  8483 | D:7      | Gained mutation: You can translocate small distances at will. [mutagenic meat]
  8484 | D:7      | Gained mutation: You are partially covered in iridescent scales. (AC +2) [mutagenic meat]
  9341 | D:8      | Found a huge runed gate.
  9341 | D:8      | Found a huge runed gate.
  9341 | D:8      | Found a huge runed gate.
  9341 | D:8      | Found a huge runed gate.
  9341 | D:8      | Noticed a hippogriff
  9341 | D:8      | Noticed a polar bear
  9341 | D:8      | Noticed a dream sheep
  9341 | D:8      | Noticed a polar bear
  9341 | D:8      | Noticed a polar bear
  9341 | D:8      | Noticed a polar bear
  9341 | D:8      | Noticed a polar bear
  9341 | D:8      | Noticed a dream sheep
  9341 | D:8      | Noticed a dream sheep
  9341 | D:8      | Noticed a polar bear
  9342 | D:8      | Noticed a hippogriff
  9520 | D:8      | Reached skill level 5 in Dodging
  9898 | D:8      | Reached XP level 9. HP: 32/52 MP: 11/19
 10555 | D:9      | Reached skill level 5 in Fighting
 10910 | D:9      | Noticed a two-headed ogre
 10936 | D:9      | Killed a two-headed ogre
 11060 | D:9      | Reached * piety under Sif Muna
 11067 | D:9      | Reached XP level 10. HP: 38/63 MP: 2/20
 11295 | D:9      | Found a burning altar of Makhleb.
 11295 | D:9      | Noticed a cacodemon
 11298 | D:9      | Noticed a smoke demon
 12618 | D:9      | Found a shattered altar of Ashenzari.
 12925 | D:10     | Entered Level 10 of the Dungeon
 12961 | D:10     | Found a staircase to the Lair.
 13093 | D:10     | Noticed an unseen horror
 13100 | D:10     | Killed an unseen horror
 13217 | D:10     | Noticed WhatIsLove's ghost (journeyman DEFE)
 13231 | D:10     | Killed WhatIsLove's ghost
 13315 | D:10     | Noticed Erica
 13337 | D:10     | Killed from afar by Erica

Vault maps used:
D:1:      kb_arrival_jail, minmay_stone_trees_medium
D:2:      tgw_kikubaaqudgha
D:3:      nicolae_overflow_crystal_walls, amethyst_overflow_temple_binary,
          nicolae_gozag_seed_capital
D:4:      cheibrodos_helix_gallery, first_bread
D:5:      minmay_temple_entry_enclosed_plants
D:6:      minmay_misc_feat_tiny
D:7:      trog_three_pillars_becter
D:8:      lemuel_bear_cage, grunt_livestock, hangedman_minor_gate_pass
D:9:      makhleb_altar_promises_db, basic_altar
D:10:     david_lair_shrubbed, orc_0_dummy, basic_altar, serial_bayou_pond_e,
          uniq_erica, uniq_nergalle, uniq_harold
Temple:   compressed_dpeg_circular_temple

Skill      XL: |  1  2  3  4  5  6  7  8  9 10 |
---------------+-------------------------------+-----
Summonings     | 5 6 7 8 |  8.8
Spellcasting   | 4 5 6 |  6.9
Ice Magic      | 1 2 3 |  3.2
Air Magic      | 1 2 |  2.2
Fighting       | 1 3 7 8 |  8.5
Dodging        | 3 6 7 |  7.4
Shields        | 2 4 |  4.3
Stealth        | |  2.4

Action                   |  1- 3 |  4- 6 |  7- 9 | 10-12 || total
-------------------------+-------+-------+-------+-------++-------
Melee: Whip              |       |       |   209 |    88 ||   297
 Cast: Summon Small Mamm |    36 |       |       |       ||    36
       Call Imp          |    40 |     9 |     3 |       ||    52
       Call Canine Famil |     8 |    25 |    14 |     7 ||    54
       Summon Ice Beast  |       |    18 |    29 |    13 ||    60
       Summon Lightning  |       |       |     2 |     2 ||     4
Invok: Divine Energy     |       |       |       |     1 ||     1
  Use: Scroll            |    10 |     6 |     7 |       ||    23
       Potion            |       |       |     1 |     1 ||     2
 Stab: Sleeping          |       |       |     4 |     1 ||     5
       Distracted        |       |       |     2 |     1 ||     3
  Eat: Chunk             |     9 |    10 |    15 |     9 ||    43
       Fruit             |       |     6 |       |       ||     6
       Royal jelly       |       |     1 |       |       ||     1
       Meat ration       |       |       |     1 |       ||     1
Armor: Robe              |     6 |     9 |    44 |    23 ||    82
       Skin              |       |       |     5 |     7 ||    12
Dodge: Dodged            |    21 |    37 |   145 |    60 ||   263
Block: Buckler           |       |       |    30 |    27 ||    57

Table legend:
 A = Spawn XP
 B = Non-spawn XP
 C = Spawn XP percentage of total XP
 D = Spawn monster count
 E = Non-spawn monster count
 F = Spawn count percentage of total count
 G = Total turns spent on level
                    A         B        C        D         E        F      G
               +---------+---------+-------+---------+---------+-------+---------
         Total |       0 |    8580 |   0.0 |       0 |     208 |   0.0 | 13337
               +---------+---------+-------+---------+---------+-------+---------
           D:1 |       0 |      20 |   0.0 |       0 |      15 |   0.0 |  1049
           D:2 |       0 |      51 |   0.0 |       0 |      20 |   0.0 |  1584
           D:3 |       0 |      37 |   0.0 |       0 |      21 |   0.0 |  1493
           D:4 |       0 |     306 |   0.0 |       0 |      29 |   0.0 |  1314
           D:5 |       0 |     359 |   0.0 |       0 |      13 |   0.0 |  1333
           D:6 |       0 |     193 |   0.0 |       0 |       9 |   0.0 |  1141
           D:7 |       0 |     766 |   0.0 |       0 |      16 |   0.0 |  1151
           D:8 |       0 |    1883 |   0.0 |       0 |      27 |   0.0 |  1360
           D:9 |       0 |    3751 |   0.0 |       0 |      45 |   0.0 |  2394
          D:10 |       0 |    1214 |   0.0 |       0 |      13 |   0.0 |   412
               +---------+---------+-------+---------+---------+-------+---------
